 Dungeon Crawl Stone Soup version 0.29.0-4-gdea44cf6ec (webtiles) character file.

Game seed: 13771490353321651026

1165 qw the Grappler (level 8, -9/71 (75) HPs)
             Began as a Troll Cinder Acolyte on Sept 2, 2022.
             Was a Priest of Ignis.
             Killed by divine providence
             ... invoked by an orc priest
              (10 damage)
             ... on level 6 of the Dungeon.
             The game lasted 00:02:57 (4890 turns).

qw the Grappler (Troll Cinder Acolyte)              Turns: 4890, Time: 00:02:57

HP:   -9/71 (75)    AC: 11    Str: 25    XL:     8   Next: 17%
MP:   8/8           EV:  9    Int: 10    God:    Ignis [***...]
Gold: 8             SH:  0    Dex:  5    Spells: 9/9 levels left

rFire   + + .      SeeInvis .     - Unarmed
rCold   . . .      Faith    .   (no shield)
rNeg    . . .      Spirit   .   a - +0 robe
rPois   +          Reflect  .   (helmet restricted)
rElec   .          Harm     .   (no cloak)
rCorr   .          Rampage  .   (gloves unavailable)
Will    .....                   (boots unavailable)
Stlth   +.........              (no amulet)
HPRegen 1.01/turn               g - ring of poison resistance
MPRegen 0.11/turn               b - ring of protection from fire

@: about to teleport, fiery-armoured, drained
A: large, unfitting armour, claws 3, regeneration 1, shaggy fur 1, tough skin 1
a: Renounce Religion, Fiery Armour, Foxfire Swarm, Rising Flame


You were on level 6 of the Dungeon.
You worshipped Ignis.
Ignis was most pleased with you.
You visited 1 branch of the dungeon, and saw 6 of its levels.
You also visited: Sewer.

You collected 305 gold pieces.
You spent 297 gold pieces at shops.


Innate Abilities, Weirdness & Mutations

You are too large for most types of armour.
You have claws for hands.
Your natural rate of healing is unusually fast.
You are covered in fur. (AC +1)
You have tough skin. (AC +1)


   Skills:
 - Level 3.0 Fighting
 - Level 1.3 Throwing
 - Level 1.0 Dodging
 + Level 9.7 Unarmed Combat
 - Level 1.0 Spellcasting
 - Level 2.1 Fire Magic


You had 9 spell levels left.
You didn't know any spells.
Your spell library contained the following spells:

 Spells                   Type           Power      Damage    Failure   Level
 Scorch                   Fire           8%         2d5       22%         2

Inventory:

Armour
 a - a +0 robe (worn)
Jewellery
 b - a ring of protection from fire (right claw)
 g - a ring of poison resistance (left claw)
 i - a ring of fire
Scrolls
 d - a scroll of teleportation
 e - 3 scrolls of identify
Potions
 c - 2 potions of resistance
 f - a potion of might
 h - 7 potions of curing
 k - a potion of heal wounds
 l - a potion of mutation

Dungeon Overview and Level Annotations

Branches:
Dungeon (6/15)              Sewer (visited)
 Temple: D:4-7

Altars:
Makhleb
Qazlal
Trog
Wu Jian
Yredelemnul

Shops:
D:1 (   D:5 [**:

Annotations:
D:4 3 runed translucent doors, qw's ghost, amateur TrCA


Message History

The orc is burned by your cloak of flames.
The orc is almost dead.
The orc warrior hits you but does no damage.
4885 ||| Stepping ~*~*~tactically~*~*~ (outnumbered).
An adder comes into view.
Found a fluorescent wand.
The adder hisses angrily.
The orc warrior closely misses you.
4886 ||| Stepping ~*~*~tactically~*~*~ (outnumbered).
The orc attacks as you move away! The orc hits you but does no damage.
The orc is burned by your cloak of flames.
You kill the orc!
Found a scroll of blinking.
You claw the orc!
You kill the orc!
The orc warrior hits you from afar with a +0 glaive.
The wight hits you with a +3 dire flail of freezing!
You feel drained. The wight freezes you.
The wight is burned by your cloak of flames.
The wight is lightly damaged.
The orc warrior hits you from afar with a +0 glaive!!
You closely miss the wight.
The wight is lightly damaged.
The wight hits you with a +3 dire flail of freezing!
The wight freezes you.
The wight is burned by your cloak of flames.
The wight is heavily damaged.
The orc warrior hits you but does no damage.
4890 ||| READING 2 scrolls of teleportation.
As you read the scroll of teleportation, it crumbles to dust.
You feel strangely unstable. The adder barely misses you.
The wight hits you with a +3 dire flail of freezing.
You feel drained. The wight freezes you.
The wight is burned by your cloak of flames.
The wight is severely damaged.
The orc warrior barely misses you.
The orc priest invokes the aid of Beogh against you.
Beogh smites you!
You die...

........~~~~~......#.. .
..:...#~~~~~~~#....#
.....#..~~~~~~~~.....#
.........~~~.~~~........
.........~~~~~~~........
.?...##.#~)~~~~~#.......
..........~~~~~.........
./..###S..#~..#.........
#....>@o)............
.....##z.o...#......
.... #..)..........
..................
.......<.......... .
...#............
..##.....###.... ..
#...... .... #...... ...


You could see an orc warrior, a wight, an orc priest and an adder.

Vanquished Creatures
  Grinder (D:3)
  An ogre (D:5)
  A kobold brigand (Sewer)
  A scorpion (D:5)
  3 wights (D:6)
  A jelly (D:5)
  2 hounds (D:5)
  An orc priest (D:3)
  Jessica (D:3)
  A scorpion zombie (D:4)
  Natasha (thrice) (D:4)
  7 gnolls
  11 adders
  6 river rats (Sewer)
  An adder zombie (D:4)
  4 worms
  14 orcs
  11 ball pythons
  5 endoplasms
  6 giant cockroaches
  3 hobgoblins
  2 jackals (D:1)
  19 kobolds
  6 quokkas
  12 bats
  7 frilled lizards
  8 goblins
  14 rats
152 creatures vanquished.

Notes
Turn   | Place    | Note
-------+----------+-------------------------------------------
     0 | D:1      | qw the Troll Cinder Acolyte began the quest for the Orb.
     0 | D:1      | Reached XP level 1. HP: 22/22 MP: 1/1
     0 | D:1      | 0 ||| qw: Version: 0.1-a-97-g2dd2ca4
     0 | D:1      | 0 ||| qw: Game counter: 4911
     0 | D:1      | 0 ||| qw: Always use a shield: true
     0 | D:1      | 0 ||| qw: God list: Okawaru
     0 | D:1      | 0 ||| qw: Allow faded altars: false
     0 | D:1      | 0 ||| qw: Do Orc after D:15 true
     0 | D:1      | 0 ||| qw: Do second Lair branch before Depths: true
     0 | D:1      | 0 ||| qw: Lair rune preference: random
     0 | D:1      | 0 ||| qw: Plans: Normal
     0 | D:1      | 0 ||| PLANNING D:1-11
    46 | D:1      | 46 ||| Stepping ~*~*~tactically~*~*~ (outnumbered).
    59 | D:1      | 59 ||| Stepping ~*~*~tactically~*~*~ (stealth).
   118 | D:1      | 118 ||| Stepping ~*~*~tactically~*~*~ (stealth).
   119 | D:1      | 119 ||| Stepping ~*~*~tactically~*~*~ (stealth).
   128 | D:1      | 128 ||| Stepping ~*~*~tactically~*~*~ (stealth).
   147 | D:1      | Reached XP level 2. HP: 29/29 MP: 2/2
   227 | D:1      | Found Kuckeinei's Weapon Shoppe.
   434 | D:1      | Reached skill level 4 in Unarmed Combat
   539 | D:1      | Reached XP level 3. HP: 36/36 MP: 3/3
   877 | D:1      | 877 ||| READING 3 scrolls labelled GOGRAU ADYE.
   878 | D:1      | 878 ||| READING scroll labelled WAMULAUG JUUFY.
   883 | D:1      | 883 ||| READING 2 scrolls of identify.
   883 | D:1      | 883 ||| IDENTIFYING black potion
   884 | D:1      | 884 ||| DROPPING potion of attraction.
   906 | D:2      | 906 ||| Stepping ~*~*~tactically~*~*~ (stealth).
   979 | D:2      | 979 ||| Stepping ~*~*~tactically~*~*~ (stealth).
   995 | D:2      | Found a faded altar of an unknown god.
  1094 | D:2      | Reached skill level 1 in Throwing
  1305 | D:2      | Reached XP level 4. HP: 43/44 MP: 4/4
  1662 | D:2      | 1662 ||| READING scroll labelled HIAGUD REC OQU.
  1663 | D:2      | 1663 ||| READING scroll labelled WOISIHOKUN.
  1664 | D:2      | 1664 ||| READING scroll labelled TEUMIO DEURPHAOMESCH.
  1665 | D:2      | 1665 ||| READING scroll labelled FIENYI XEUNTO.
  1666 | D:2      | 1666 ||| READING scroll labelled ZEIRCH YKUARHA.
  1667 | D:2      | 1667 ||| DRINKING 4 silvery potions.
  1668 | D:2      | 1668 ||| READING 3 scrolls of identify.
  1668 | D:2      | 1668 ||| IDENTIFYING emerald potion
  1669 | D:2      | 1669 ||| READING 2 scrolls of identify.
  1669 | D:2      | 1669 ||| IDENTIFYING fuming dark potion
  1670 | D:2      | 1670 ||| DROPPING potion of brilliance.
  1760 | D:3      | Noticed Jessica
  1761 | D:3      | Killed Jessica
  1762 | D:3      | Reached skill level 5 in Unarmed Combat
  1787 | D:3      | 1787 ||| Stepping ~*~*~tactically~*~*~ (hiding).
  1788 | D:3      | 1788 ||| Stepping ~*~*~tactically~*~*~ (hiding).
  1790 | D:3      | 1790 ||| Stepping ~*~*~tactically~*~*~ (hiding).
  1798 | D:3      | Reached XP level 5. HP: 46/50 MP: 5/5
  1956 | D:3      | Noticed Grinder
  1957 | D:3      | 1957 ||| Stepping ~*~*~tactically~*~*~ (hiding).
  1963 | D:3      | 1963 ||| INVOKING Fiery Armour.
  1964 | D:3      | Paralysed by Grinder for 5 turns
  1968 | D:3      | HP: 11/50 [Grinder (4)]
  1970 | D:3      | Killed Grinder
  1971 | D:3      | Reached skill level 6 in Unarmed Combat
  1971 | D:3      | Reached XP level 6. HP: 16/59 MP: 6/6
  2062 | D:3      | 2062 ||| Stepping ~*~*~tactically~*~*~ (stealth).
  2165 | D:3      | Reached skill level 7 in Unarmed Combat
  2397 | D:3      | Found a burning altar of Makhleb.
  2407 | D:3      | 2407 ||| Stepping ~*~*~tactically~*~*~ (stealth).
  2414 | D:3      | 2414 ||| Stepping ~*~*~tactically~*~*~ (stealth).
  2640 | D:3      | 2640 ||| READING scroll labelled FIUGAT PEULOF.
  2641 | D:3      | 2641 ||| READING scroll labelled OHAZUU IJOTUQYNOM.
  2642 | D:3      | 2642 ||| READING 3 scrolls of identify.
  2642 | D:3      | 2642 ||| IDENTIFYING lumpy dark potion
  2643 | D:3      | 2643 ||| DROPPING potion of invisibility.
  2681 | D:4      | Identified the +1 ring mail of Submission {Will- Regen+
                  | Dex+7 SInv}
  2730 | D:4      | Noticed Natasha
  2733 | D:4      | Killed Natasha
  2766 | D:4      | 2766 ||| Stepping ~*~*~tactically~*~*~ (stealth).
  2768 | D:4      | 2768 ||| Stepping ~*~*~tactically~*~*~ (stealth).
  2769 | D:4      | 2769 ||| Stepping ~*~*~tactically~*~*~ (stealth).
  2908 | D:4      | 2908 ||| INVOKING Fiery Armour.
  2912 | D:4      | 2912 ||| Stepping ~*~*~tactically~*~*~ (outnumbered).
  3118 | D:4      | Noticed Natasha
  3121 | D:4      | Killed Natasha
  3349 | D:4      | Found a runed translucent gate.
  3349 | D:4      | Found a runed translucent gate.
  3349 | D:4      | Found a runed translucent gate.
  3349 | D:4      | Noticed qw's ghost (amateur TrCA)
  3351 | D:4      | 3351 ||| UPGRADING to ring of poison resistance.
  3352 | D:4      | 3352 ||| READING scroll labelled BYATUT ZOMIRGH.
  3356 | D:4      | 3356 ||| FLEEEEING.
  3357 | D:4      | 3357 ||| FLEEEEING.
  3358 | D:4      | 3358 ||| FLEEEEING.
  3359 | D:4      | 3359 ||| FLEEEEING.
  3360 | D:4      | 3360 ||| FLEEEEING.
  3361 | D:4      | 3361 ||| FLEEEEING.
  3362 | D:4      | 3362 ||| FLEEEEING.
  3363 | D:4      | 3363 ||| FLEEEEING.
  3364 | D:4      | 3364 ||| FLEEEEING.
  3365 | D:4      | 3365 ||| FLEEEEING.
  3366 | D:4      | 3366 ||| FLEEEEING.
  3367 | D:4      | 3367 ||| FLEEEEING.
  3368 | D:4      | 3368 ||| FLEEEEING.
  3369 | D:4      | 3369 ||| FLEEEEING.
  3370 | D:4      | 3370 ||| FLEEEEING.
  3371 | D:4      | 3371 ||| FLEEEEING.
  3372 | D:4      | 3372 ||| FLEEEEING.
  3373 | D:4      | 3373 ||| FLEEEEING.
  3374 | D:4      | 3374 ||| FLEEEEING.
  3427 | D:4      | 3427 ||| UPGRADING to ring of protection from fire.
  3428 | D:4      | Found a basalt altar of Yredelemnul.
  3430 | D:4      | 3430 ||| READING 3 scrolls of identify.
  3430 | D:4      | 3430 ||| IDENTIFYING green potion
  3586 | D:4      | Noticed Natasha
  3589 | D:4      | Killed Natasha
  3590 | D:4      | Reached XP level 7. HP: 61/66 MP: 7/7
  3640 | D:4      | 3640 ||| READING 2 scrolls of identify.
  3640 | D:4      | 3640 ||| IDENTIFYING smoky clear potion
  3641 | D:4      | 3641 ||| DROPPING potion of flight.
  3642 | D:4      | 3642 ||| DROPPING potion of lignification.
  3661 | D:5      | Entered Level 5 of the Dungeon
  3671 | D:5      | 3671 ||| Stepping ~*~*~tactically~*~*~ (stealth).
  3672 | D:5      | 3672 ||| Stepping ~*~*~tactically~*~*~ (stealth).
  3678 | D:5      | 3678 ||| Stepping ~*~*~tactically~*~*~ (stealth).
  3689 | D:5      | 3689 ||| Stepping ~*~*~tactically~*~*~ (stealth).
  3691 | D:5      | 3691 ||| Stepping ~*~*~tactically~*~*~ (stealth).
  3692 | D:5      | 3692 ||| Stepping ~*~*~tactically~*~*~ (stealth).
  3711 | D:5      | 3711 ||| Stepping ~*~*~tactically~*~*~ (stealth).
  3714 | D:5      | Reached skill level 8 in Unarmed Combat
  3751 | D:5      | 3751 ||| Stepping ~*~*~tactically~*~*~ (stealth).
  3786 | D:5      | Found Unkatil's Assorted Antiques.
  3791 | D:5      | 3791 ||| BUYING potion of curing (69 gold).
  3791 | D:5      | Bought a potion of curing for 69 gold pieces
  3791 | D:5      | 3791 ||| BUYING sapphire potion (20 gold).
  3791 | D:5      | Bought a sapphire potion for 20 gold pieces
  3834 | D:5      | Found a stormy altar of Qazlal.
  3912 | D:5      | 3912 ||| Stepping ~*~*~tactically~*~*~ (hiding).
  3918 | D:5      | 3918 ||| Stepping ~*~*~tactically~*~*~ (outnumbered).
  3920 | D:5      | Reached skill level 3 in Fighting
  3926 | D:5      | 3926 ||| INVOKING Fiery Armour.
  3998 | D:5      | Found Tuufas's Book Shoppe.
  4025 | D:5      | Found a bloodstained altar of Trog.
  4131 | D:5      | Found an ornate altar of the Wu Jian Council.
  4168 | D:5      | Found Daupick's Armour Boutique.
  4243 | D:5      | Found Waipt's Assorted Antiques.
  4246 | D:5      | 4246 ||| BUYING 2 potions of curing (156 gold).
  4246 | D:5      | Bought 2 potions of curing for 156 gold pieces
  4246 | D:5      | 4246 ||| SHOPLISTING potion of might (104 gold, have 48).
  4246 | D:5      | 4246 ||| SHOPLISTING scroll of identify (52 gold, have 48).
  4255 | D:5      | 4255 ||| BUYING scroll of identify (52 gold).
  4255 | D:5      | Bought a scroll of identify for 52 gold pieces
  4255 | D:5      | 4255 ||| DROPPING amulet of magic regeneration.
  4256 | D:5      | 4256 ||| READING 5 scrolls of identify.
  4256 | D:5      | 4256 ||| IDENTIFYING sapphire potion
  4268 | D:6      | Found a glowing drain.
  4269 | D:6      | 4269 ||| PLANNING SEWER
  4274 | D:6      | 4274 ||| STAIRDANCE
  4325 | Sewer    | Entered a sewer
  4464 | Sewer    | 4464 ||| Stepping ~*~*~tactically~*~*~ (outnumbered).
  4472 | Sewer    | 4472 ||| Stepping ~*~*~tactically~*~*~ (outnumbered).
  4504 | Sewer    | 4504 ||| INVOKING Fiery Armour.
  4508 | Sewer    | 4508 ||| Stepping ~*~*~tactically~*~*~ (outnumbered).
  4509 | Sewer    | 4509 ||| Stepping ~*~*~tactically~*~*~ (outnumbered).
  4510 | Sewer    | 4510 ||| Stepping ~*~*~tactically~*~*~ (outnumbered).
  4511 | Sewer    | 4511 ||| Stepping ~*~*~tactically~*~*~ (outnumbered).
  4512 | Sewer    | 4512 ||| Stepping ~*~*~tactically~*~*~ (outnumbered).
  4513 | Sewer    | 4513 ||| Stepping ~*~*~tactically~*~*~ (outnumbered).
  4515 | Sewer    | 4515 ||| Stepping ~*~*~tactically~*~*~ (outnumbered).
  4516 | Sewer    | 4516 ||| Stepping ~*~*~tactically~*~*~ (outnumbered).
  4523 | Sewer    | Reached skill level 9 in Unarmed Combat
  4607 | Sewer    | 4607 ||| INVOKING Fiery Armour.
  4616 | Sewer    | 4616 ||| Stepping ~*~*~tactically~*~*~ (outnumbered).
  4666 | Sewer    | 4666 ||| Stepping ~*~*~tactically~*~*~ (stealth).
  4678 | Sewer    | Reached skill level 1 in Dodging
  4705 | Sewer    | Reached XP level 8. HP: 75/75 MP: 8/8
  4828 | Sewer    | 4828 ||| READING scroll labelled FAADIU NOOMEKK.
  4829 | Sewer    | 4829 ||| DRINKING 2 metallic dark potions.
  4830 | Sewer    | 4830 ||| DRINKING 2 amethyst potions.
  4831 | Sewer    | 4831 ||| READING 4 scrolls of identify.
  4831 | Sewer    | 4831 ||| IDENTIFYING smoky white potion
  4832 | Sewer    | 4832 ||| DROPPING potion of magic.
  4865 | D:6      | 4865 ||| PLANNING D:1-11
  4880 | D:6      | 4880 ||| INVOKING Fiery Armour.
  4884 | D:6      | 4884 ||| Stepping ~*~*~tactically~*~*~ (outnumbered).
  4885 | D:6      | 4885 ||| Stepping ~*~*~tactically~*~*~ (outnumbered).
  4886 | D:6      | 4886 ||| Stepping ~*~*~tactically~*~*~ (outnumbered).
  4889 | D:6      | HP: 12/72 [wight/+3 dire flail of freezing (9)]
  4890 | D:6      | 4890 ||| READING 2 scrolls of teleportation.
  4890 | D:6      | HP: 4/72 [wight/+3 dire flail of freezing (5)]
  4890 | D:6      | HP: 1/71 [wight/+3 dire flail of freezing (1)]
  4890 | D:6      | Killed from afar by an orc priest

Levels and vault maps discovered:
D:1:      matt_arrival_refuge, layout_loops_ring, serial_shops,
          nicolae_shop_behind_doors
D:2:      layout_loops_ring, ebering_ecumenical_altar_ruins
D:3:      layout_basic, bloody_makhleb, uniq_jessica, uniq_grinder
D:4:      layout_basic, nicolae_yredelemnul_ghost_church, grunt_ministairs_2,
          uniq_natasha
D:5:      layout_rooms, mainiacjoe_overflow_paths, mainiacjoe_overflow_catwalk,
          mainiacjoe_overflow_surrounded_room, serial_shops,
          nicolae_shop_behind_doors, kennysheep_mini, nicolae_shop_statue_plus,
          nicolae_shop_crystal
D:6:      minmay_thinvault, layout_cave_pools, tso_metal_star,
          mainiacjoe_overflow_concentric_impassable,
          minmay_temple_entry_gardened_gates, cheibrodos_sewer_entry_drain,
          minmay_misc_feat_tower, minmay_misc_feat_square

Skill      XL: |  1  2  3  4  5  6  7 |
---------------+----------------------+-----
Unarmed Combat | 4 5 6 7 9 |  9.7
Throwing       | 1 |  1.3
Fighting       | 3 |  3.0
Dodging        | 1 |  1.0
Spellcasting   | |  1.0
Fire Magic     | |  2.1

Action                   |  1- 3 |  4- 6 |  7- 9 || total
-------------------------+-------+-------+-------++-------
Melee: Unarmed           |   128 |   101 |   110 ||   339
       Punch             |       |     1 |     5 ||     6
Throw: Javelin           |    19 |     9 |       ||    28
Invok: Fiery Armour      |       |     2 |     4 ||     6
  Use: Scroll            |     3 |    12 |     5 ||    20
       Potion            |       |     1 |     2 ||     3
Armor: Robe              |    65 |    18 |    32 ||   115
Dodge: Dodged            |    54 |    27 |    37 ||   118

Table legend:
 A = Non-vault XP
 B = Vault XP
 C = Vault XP percentage of total XP
 D = Non-vault monster count
 E = Vault monster count
 F = Vault count percentage of total count
                 A         B        C        D         E       F
            +---------+---------+-------+---------+---------+-------
      Total |    1024 |     641 |  38.5 |     100 |      52 |  34.2
            +---------+---------+-------+---------+---------+-------
        D:1 |      50 |       0 |   0.0 |      30 |       0 |   0.0
        D:2 |      87 |       0 |   0.0 |      16 |       0 |   0.0
        D:3 |      84 |     295 |  77.8 |      18 |       2 |  10.0
        D:4 |     159 |      92 |  36.7 |      16 |       5 |  23.8
        D:5 |     408 |       0 |   0.0 |      15 |       0 |   0.0
        D:6 |     236 |       7 |   2.9 |       5 |       2 |  28.6
      Sewer |       0 |     247 | 100.0 |       0 |      43 | 100.0
            +---------+---------+-------+---------+---------+-------
